 Dungeon Crawl Stone Soup version 0.17-a0-1534-gf98da79 (webtiles) character file.

33 urechis the Conjurer (level 3, -3/19 HPs)
             Began as a Gargoyle Wizard on July 17, 2015.
             Slain by Natasha (5 damage)
             ... on level 2 of the Dungeon.
             The game lasted 00:03:13 (2365 turns).

urechis the Conjurer (Gargoyle Wizard)              Turns: 2365, Time: 00:03:13

Health: -3/19      AC:  5    Str: 10    XL:     3   Next: 29%
Magic:  1/7        EV: 11    Int: 21    God:
Gold:   67         SH:  0    Dex:  8    Spells: 1 memorised, 7 levels left

rFire  . . .     SeeInvis .     g - +0 club
rCold  . . .     Clarity  .     a - +0 robe
rNeg   + . .     SustAt   .     (no shield)
rPois  ∞         Gourm    .     (no helmet)
rElec  +         Spirit   .     (no cloak)
rCorr  .         Warding  .     (no gloves)
rMut   .         Stasis   .     (no boots)
MR     .....                    (no amulet)
Stlth  ++........               (no ring)
                                i - +2 ring of intelligence

@: very slightly contaminated, not resistant to hostile enchantments, unstealthy
A: negative energy resistance 1, electricity resistance, unbreathing,
petrification resistance, rot immunity, AC +3
a: no special abilities


You were on level 2 of the Dungeon.
You were hungry.

You visited 1 branch of the dungeon, and saw 2 of its levels.

You collected 67 gold pieces.

Inventory:

Hand weapons
 g - a +0 club (weapon)
Armour
 a - a +0 robe (worn)
Jewellery
 i - a +2 ring of intelligence (left hand)
Scrolls
 e - a scroll of enchant armour {unknown}
 f - 4 scrolls of identify {unknown}
 l - a scroll of magic mapping {unknown}
 m - 2 scrolls of recharging {unknown}
 n - a scroll of fog {unknown}
 o - a scroll of noise {unknown}
Potions
 j - a potion of beneficial mutation {unknown}
 k - a potion of flight {unknown}
Books
 c - a book of Minor Magic

   Spells                             Type                      Level
   a - Magic Dart                     Conjuration                  1
   b - Blink                          Translocation                2
   c - Call Imp                       Summoning                    2
   d - Repel Missiles                 Charms/Air                   2
   e - Slow                           Hexes                        2
   f - Conjure Flame                  Conjuration/Fire             3
   g - Mephitic Cloud                 Conjuration/Poison/Air       3
Comestibles
 b - 3 fruits
 d - 4 bread rations
 h - a royal jelly


   Skills:
 - Level 1.5 Dodging
 - Level 2.1 Stealth
 - Level 3.0 Spellcasting
 + Level 3.4 Conjurations
   Level 0.8 Summonings
   Level 0.8 Translocations


You had 7 spell levels left.
You knew the following spells:

 Your Spells              Type           Power        Failure   Level  Hunger
a - Magic Dart            Conj           ###.         3%          1    None


Dungeon Overview and Level Annotations

Branches:
Dungeon (2/15)

Altars:

Annotations:
D:2 Natasha


Innate Abilities, Weirdness & Mutations

You are resistant to torment.
Your stone body is resilient (AC +3).
You are immune to poison.
You resist negative energy.
You are resistant to electric shocks.
You can survive without breathing.
You are immune to petrification.
You are immune to rotting.


Message History

You hit Natasha but do no damage.
Natasha is almost dead.
Natasha misses you.
You hit Natasha.
Natasha is almost dead.
Natasha closely misses you.
You hit Natasha but do no damage.
Natasha is almost dead.
The white imp disappears in a puff of smoke!
Natasha closely misses you.
You barely miss Natasha.
Natasha is almost dead.
Natasha claws you.
* * * LOW HITPOINT WARNING * * *
Natasha casts a spell.
You hit Natasha but do no damage.
Natasha is almost dead.
The white imp disappears in a puff of smoke!
Natasha claws you.
You die...

.#. #. #!%. #.
.# #. .# #####.
.# ....[ . ...
...
##.###########
.###
#$.§h@5......#
.#
#..#########.#
.# #.. #.# g#
#.. #.# #h.
########.######.
#..
................
#.#
#..............
#.
##.#####.#######
..[....<.#


You could see Natasha and a shadow imp.

Vanquished Creatures
  An adder skeleton (D:1)
  2 giant geckos (D:1)
  4 bats
  3 giant cockroaches (D:1)
  5 hobgoblins
  A quokka (D:2)
  A giant newt (D:1)
  3 goblins
  2 kobolds (D:1)
  7 rats
29 creatures vanquished.

Notes
Turn   | Place    | Note
--------------------------------------------------------------
     0 | D:1      | urechis the Gargoyle Wizard began the quest for the Orb.
     0 | D:1      | Reached XP level 1. HP: 10/10 MP: 4/4
   480 | D:1      | Reached XP level 2. HP: 15/15 MP: 1/6
  1918 | D:1      | Reached XP level 3. HP: 19/19 MP: 5/7
  2346 | D:2      | Noticed Natasha
  2365 | D:2      | Slain by Natasha

Vault maps used:
D:1:      tarquinn_simple_flora_water_f, hangedman_decor_peaks_small
D:2:      fedhas_altar_3, first_bread, uniq_natasha

Action                   || total
-------------------------++-------
Melee: Unarmed           ||    10
       Club              ||    14
 Cast: Magic Dart        ||    71
  Eat: Fruit             ||     2
       Chunk             ||     2
